 Dungeon Crawl Stone Soup version 0.28-a0-1389-gc726bef33b (webtiles) character file.

Game seed: 15631743099368498119

465 ChaosChampion the Magician (level 7, 0/50 HPs)
             Began as a Djinni Venom Mage on Jan 3, 2022.
             Slain by a water moccasin (5 damage)
             ... on level 5 of the Dungeon.
             The game lasted 00:12:41 (7186 turns).

ChaosChampion the Magician (Djinni Venom Mage)      Turns: 7186, Time: 00:12:41

Health: 0/50       AC:  4    Str:  7    XL:     7   Next: 29%
Gold:   819        EV: 13    Int: 19    God:
                   SH:  0    Dex: 13

rFire   + + .      SeeInvis .   b - +1 short sword (speed)
rCold   x . .      Faith    .   (no shield)
rNeg    . . .      Spirit   .   a - +0 robe
rPois   ∞          Reflect  .   (no helmet)
rElec   .          Harm     .   (no cloak)
rCorr   .          Rampage  .   m - +1 pair of gloves
Will    .....                   (boots unavailable)
Stlth   ++........              (no amulet)
HPRegen 0.16/turn               (no ring)
MPRegen 0.00/turn               (no ring)

@: about to teleport, flying
A: sickness immunity, fire resistance 2, cold vulnerability 1, float, innate
caster, hp casting, extra vitality 1
a: no special abilities


You were on level 5 of the Dungeon.
You visited 2 branches of the dungeon, and saw 7 of its levels.

You collected 966 gold pieces.
You spent 147 gold pieces at shops.

Inventory:

Hand Weapons
 b - a +1 short sword of speed (weapon)
Missiles
 f - a throwing net
Armour
 a - a +0 robe (worn)
 m - a +1 pair of gloves (worn)
Jewellery
 o - a +4 ring of evasion
Wands
 k - a wand of paralysis (14)
Scrolls
 e - a scroll of identify
Potions
 c - a potion of flight {unknown}
 d - 2 potions of brilliance
 g - a potion of curing
 h - a potion of heal wounds {unknown}
 i - a potion of attraction {unknown}
 n - a potion of cancellation {unknown}
 p - a potion of resistance


   Skills:
 + Level 3.1 Fighting
 + Level 4.3 Dodging
 - Level 1.7 Stealth
 * Level 4.5 Spellcasting


You couldn't memorise any spells.
You knew the following spells:

 Your Spells              Type           Power      Damage    Failure   Level
a - Sting                 Tmut/Pois      84%        1d7       1%          1
b - Poisonous Vapours     Pois/Air       42%        N/A       3%          2
c - Mephitic Cloud        Conj/Pois/Air  21%        N/A       6%          3
d - Corpse Rot            Necr/Air       42%        N/A       3%          2
e - Olgreb's Toxic Radia  Pois           21%        N/A       21%         4
f - Wereblood             Tmut           21%        N/A       3%          2
p - Beastly Appendage     Tmut           42%        N/A       1%          1
Your spell library was empty.

Dungeon Overview and Level Annotations

Branches:
Dungeon (6/15)             Temple (1/1) D:4

Altars:
Dithmenos
Gozag
Hepliaklqana
Makhleb
Nemelex Xobeh
Okawaru
Ru
Uskayaw
Vehumet
Wu Jian

Shops:
D:2 *

Annotations:
D:6 Sigmund


Innate Abilities, Weirdness & Mutations

You are immune to sickness and miasma.
You are immune to poison.
Your flesh is very heat resistant. (rF++)
You are vulnerable to cold. (rC-)
You float through the air rather than walking.
You learn spells naturally, not from books.
Your magical power is your life essence.
You have superior vitality. (+4 MHP)


Message History

As you read the scroll of identify, it crumbles to dust.
p - a potion of resistance You hear the rapid rusting of a very distant drain.
You hear the quick hiss of a distant avalanche of sand.
There is an open door here.
You see here an adder corpse.
You hear the rapid rusting of a very distant drain.
You hear the drain falling apart.
A centaur comes into view.
Casting: Poisonous Vapours (safe; 3% risk of failure)
Confirm with . or Enter, or press ? or * to list all spells.
Aiming: Poisonous Vapours (safe; 3% risk of failure)
Press: ? - help, Dir - move target, f - centaur
Aim: a centaur, quivering arrows (asleep) Poisonous vapours surround the centaur!
The centaur is poisoned.
The centaur shouts!
You hear an angry hiss.
The centaur wields a +0 shortbow.
The centaur shoots an arrow.
The arrow hits you.
The centaur shoots an arrow.
The arrow hits you.
Casting: Poisonous Vapours (safe; 3% risk of failure)
Confirm with . or Enter, or press ? or * to list all spells.
Aiming: Poisonous Vapours (safe; 3% risk of failure)
Press: ? - help, Dir - move target, f/p - centaur
Aim: a centaur, wielding a +0 shortbow and quivering arrows (poisoned) Poisonous vapours surround the centaur!
The centaur looks even sicker.
The centaur shoots an arrow.
The arrow hits you!
The centaur shoots an arrow.
The arrow hits you!
* * * LOW HITPOINT WARNING * * *
The centaur shoots an arrow.
The arrow barely misses you.
You hear the rapid hiss of an avalanche of sand nearby.
The walls and floor vibrate strangely for a moment.
The water moccasin bites you.
* * * LOW HITPOINT WARNING * * *
The water moccasin completely misses you.
As you read the scroll of teleportation, it crumbles to dust.
You feel strangely unstable. The water moccasin bites you.
* * * LOW HITPOINT WARNING * * *
The water moccasin barely misses you.
You see here an adder corpse.
The water moccasin bites you.
You die...

#...#####.......####.
###............># #.
#............## #. #
#............## #. c.
#..........>..# #. ...
#.............# #.
S...#### #........)....#
#. #..c.#
##########......# #.
####S# #.cS@....'......#
#. #.# #.########......#
#. #.# #.### #.####### #.
#.######...## #......)#
#. #
#...cS.###..###########.#
#. ### ######.#.......#
#.###. .8#
#.......##...## #.....
..### #.#....##8...8#
####.. ....# #
########...## #....


You could see a water moccasin and a centaur.

Vanquished Creatures
  A water moccasin (D:5)
  A water moccasin skeleton (D:5)
  A centaur zombie (D:5)
  A hound (D:4)
  A gnoll shaman (D:4)
  An iguana (D:4)
  5 adders
  5 gnolls (D:4)
  A howler monkey skeleton (D:5)
  6 dart slugs
  2 orcs (D:3)
  4 endoplasms
  3 goblins (D:1)
  5 hobgoblins
  6 jackals
  7 quokkas
  9 ball pythons
  10 bats
  6 frilled lizards
  10 kobolds
  6 rats
91 creatures vanquished.

Notes
Turn   | Place    | Note
-------+----------+-------------------------------------------
     0 | D:1      | ChaosChampion the Djinni Venom Mage began the quest for the
                  | Orb.
     0 | D:1      | Reached XP level 1. HP: 15/15 MP: 0/0
   156 | D:1      | Reached XP level 2. HP: 10/21 MP: 0/0
   956 | D:1      | Reached XP level 3. HP: 19/26 MP: 0/0
   956 | D:1      | Learned a level 1 spell: Beastly Appendage
  1963 | D:1      | Reached skill level 1 in Fighting
  2344 | D:2      | Reached XP level 4. HP: 15/32 MP: 0/0
  2554 | D:2      | Found a faded altar of an unknown god.
  2575 | D:2      | Found Totapr Gesi's Assorted Antiques.
  2581 | D:2      | Bought a scroll labelled BUGUCA QAIMAXISKO for 25 gold
                  | pieces
  4251 | D:3      | Reached XP level 5. HP: 34/37 MP: 0/0
  4251 | D:3      | Learned a level 2 spell: Corpse Rot
  4877 | D:2      | Bought a scroll labelled PAULIHI SOUCE for 25 gold pieces
  4877 | D:2      | Bought a scroll labelled SIYCRINLOMPE for 25 gold pieces
  4877 | D:2      | Bought a scroll labelled LOEDAM ZOIDAPS for 25 gold pieces
  4877 | D:2      | Bought a scroll labelled FIREKHL LEEF for 25 gold pieces
  4877 | D:2      | Bought a metallic red potion for 22 gold pieces
  4921 | D:4      | Identified a scroll of acquirement
  4921 | D:4      | Acquired 745 gold pieces
  4927 | D:4      | Found a staircase to the Ecumenical Temple.
  4947 | Temple   | Entered the Ecumenical Temple
  5464 | D:4      | Reached XP level 6. HP: 24/43 MP: 0/0
  6504 | D:5      | Entered Level 5 of the Dungeon
  6527 | D:5      | Found a sparkling altar of Nemelex Xobeh.
  6593 | D:5      | Noticed a water moccasin
  6620 | D:5      | Killed a water moccasin
  6621 | D:5      | Reached XP level 7. HP: 20/49 MP: 0/0
  6621 | D:5      | Learned a level 2 spell: Wereblood
  6922 | D:5      | Noticed a water moccasin
  6996 | D:6      | Noticed Sigmund
  7186 | D:5      | Slain by a water moccasin

Illustrated notes

Levels and vault maps discovered:
D:1:      scummos_arrival_forest, layout_basic, serial_rivers,
          chequers_serial_rivers_marsh, chequers_serial_rivers_marsh,
          chequers_serial_rivers_room_a, chequers_serial_rivers_large_b,
          chequers_serial_rivers_marsh, chequers_serial_rivers_marsh
D:2:      layout_loops_cross, serial_shops, shop, shapermc_ecumenical_altar_venn
D:3:      layout_loops_ring, roderic_batcave
D:4:      layout_rooms, minmay_temple_entry_mini_moons
D:5:      layout_basic, nemelex_xobeh_ov_fountains_minmay, serial_corexii_hall,
          corexii_hall_statues_s, chequers_hall_statues_y,
          ebering_ghost_sewer_d, portal_sewer_entry_f,
          nicolae_ossuary_entry_false_entrances
D:6:      layout_rooms, grunt_temple_overflow_forces_of_nature,
          elyvilon_altar_5, lemuel_mausoleum_altar_kikubaaqudgha,
          hangedman_feature_mirror, uniq_sigmund
Temple:   compressed_dpeg_triangle_lava_temple

Skill      XL: |  1  2  3  4  5  6  7 |
---------------+----------------------+-----
Spellcasting   | 3 4 |  4.5
Fighting       | 1 2 3 |  3.1
Dodging        | 3 4 |  4.3
Stealth        | |  1.7

Action                   |  1- 3 |  4- 6 |  7- 9 || total
-------------------------+-------+-------+-------++-------
Melee: Short sword       |    36 |    74 |    39 ||   149
 Cast: Sting             |    28 |    53 |       ||    81
       Poisonous Vapours |    22 |    47 |     5 ||    74
       Olgreb's Toxic Ra |       |     3 |       ||     3
       Mephitic Cloud    |       |     1 |       ||     1
       Corpse Rot        |       |     1 |       ||     1
  Use: Scroll            |       |    11 |     4 ||    15
       Potion            |       |     1 |       ||     1
 Stab: Confused          |       |     1 |       ||     1
Armor: Robe              |     9 |    18 |    11 ||    38
Dodge: Dodged            |    43 |    77 |    29 ||   149

Table legend: (Time is in decaauts)
 A = Elapsed time spent in this place.
 B = Non-inter-level travel time spent in this place.
 C = Inter-level travel time spent in this place.
 D = Time resting spent in this place.
 E = Time spent auto-exploring this place.
 F = Levels seen in this place.
 G = Mean time per level.
                   A        B        C        D        E       F      G
               +--------+--------+--------+--------+--------+-----+--------+
         Total |   7156 |   6983 |    173 |   1252 |   4293 |   7 | 1022.3 |
       Dungeon |   6811 |   6638 |    173 |   1252 |   3994 |   6 | 1135.2 |
        Temple |    344 |    344 |      0 |      0 |    299 |   1 |  344.0 |
               +--------+--------+--------+--------+--------+-----+--------+

Top non-repeatable levels by time:
     D:1: 2040 daAuts
     D:3: 1971 daAuts
     D:2: 1160 daAuts
     D:4: 963 daAuts
     D:5: 674 daAuts
  Temple: 344 daAuts
     D:6: 1 daAuts
